| TOP OF THE 1ST |
|
Beloit Snappers batting - Pitching for West Michigan Whitecaps : RHP Jared Barger
|
|
Pitching: RHP Jared Barger
|
|
|
Batting: RHB Chris Bohm
|
0-0: Ground out U3 (Groundball, 34, EV 102.5 MPH)
|
|
Batting: LHB Jeremy Brammer
|
0-0: Swinging Strike 0-1: Swinging Strike 0-2: Ball 1-2: Strikes out swinging
|
|
Batting: LHB Felipe Gomez
|
0-0: Called Strike 0-1: Swinging Strike 0-2: Foul Ball, location: 2F 0-2: Ball 1-2: Foul Ball, location: 2F 1-2: Ball 2-2: SINGLE (Groundball, 6S, EV 67.5 MPH) (infield hit)
|
|
Batting: LHB Robert Wilkins
|
0-0: Ball 1-0: Called Strike Felipe Gomez steals 2nd base 1-1: Ball 2-1: SINGLE (Groundball, 34S, EV 80.0 MPH) (infield hit) Felipe Gomez to third
|
|
Batting: RHB Mike Gangi
|
0-0: Swinging Strike 0-1: Ball 1-1: Ball 2-1: Ball 3-1: Foul Ball, location: 2F 3-2: Fly out, F8 (Flyball, 8RXD, EV 91.9 MPH)
|
| Top of the 1st over - 0 runs, 2 hits, 0 errors, 2 left on base; Beloit 0 - West Michigan 0 |
| BOTTOM OF THE 1ST |
|
West Michigan Whitecaps batting - Pitching for Beloit Snappers : RHP Ricky Lopez
|
|
Pitching: RHP Ricky Lopez
|
|
|
Batting: SHB Willie Medina
|
0-0: Called Strike 0-1: Foul Ball, location: 2F 0-2: Foul Ball, location: 2F 0-2: Foul Ball, location: 2F 0-2: Ball 1-2: Strikes out looking
|
|
Batting: RHB Scott Carr
|
0-0: Called Strike 0-1: Foul Ball, location: 2F 0-2: Strikes out swinging
|
|
Batting: LHB Dave Carlisle
|
0-0: Called Strike 0-1: Ball 1-1: Ball 2-1: Called Strike 2-2: Ball 3-2: SINGLE (Flyball, 78S, EV 93.1 MPH)
|
|
Batting: LHB Jamie Christian
|
0-0: DOUBLE (Flyball, 78XD, EV 98.8 MPH) Dave Carlisle to third
|
|
Batting: RHB German Quiroga
|
0-0: SINGLE (Groundball, 6, EV 99.4 MPH) Dave Carlisle scores Jamie Christian to third Runner from 3rd tries for Home, SAFE, throw by LF to home
|
|
Batting: LHB Jon Pedlar
|
0-0: Ball 1-0: SINGLE (Groundball, 4, EV 100.0 MPH) German Quiroga to second Runner from 2nd tries for 3rd, SAFE, throw by RF made to third
|
|
Batting: RHB Joe Zimmerman
|
0-0: Called Strike 0-1: Ball 1-1: Swinging Strike 1-2: Foul Ball, location: 2F 1-2: Ball 2-2: Strikes out swinging, 2-3 out at first.
|
| Bottom of the 1st over - 2 runs, 4 hits, 0 errors, 2 left on base; Beloit 0 - West Michigan 2 |
| TOP OF THE 2ND |
|
Beloit Snappers batting - Pitching for West Michigan Whitecaps : RHP Jared Barger
|
|
Batting: RHB Tetsuya Shinoda
|
0-0: Ball 1-0: Swinging Strike 1-1: Ball 2-1: Ball 3-1: Foul Ball, location: 2F 3-2: Strikes out swinging
|
|
Batting: RHB Emiel Schlepers
|
0-0: Ball 1-0: Ball 2-0: Ground out 5-3 (Groundball, 56, EV 100.0 MPH)
|
|
Batting: RHB Clay Statum
|
0-0: Ball 1-0: Fly out, F8 (Line Drive, 8RD, EV 96.2 MPH)
|
| Top of the 2nd over - 0 runs, 0 hits, 0 errors, 0 left on base; Beloit 0 - West Michigan 2 |
| BOTTOM OF THE 2ND |
|
West Michigan Whitecaps batting - Pitching for Beloit Snappers : RHP Ricky Lopez
|
|
Batting: LHB Steve Herrera
|
0-0: Ball 1-0: Called Strike 1-1: SINGLE (Groundball, 34D, EV 102.5 MPH)
|
|
Batting: RHB Yaremka Rzhevsky
|
0-0: Ground out 6-3 (Groundball, P, EV 92.5 MPH) Steve Herrera to second
|
|
Batting: SHB Willie Medina
|
0-0: Ball 1-0: Called Strike 1-1: SINGLE (Line Drive, 8RS, EV 100.0 MPH) Steve Herrera to third
|
|
Batting: RHB Scott Carr
|
0-0: Swinging Strike 0-1: SINGLE (Groundball, 56D, EV 100.6 MPH) Steve Herrera scores Willie Medina to second
|
|
Batting: LHB Dave Carlisle
|
0-0: Called Strike Willie Medina steals 3rd base 0-1: Called Strike 0-2: Ball 1-2: Foul Ball, location: 2F 1-2: SINGLE (Flyball, 3D, EV 87.5 MPH) Willie Medina scores Scott Carr to second
|
|
Batting: LHB Jamie Christian
|
0-0: Ball 1-0: Foul Ball, location: 2F 1-1: Ball 2-1: Ball 3-1: Grounds into double play, 4-6-3 (Groundball, 4, EV 94.4 MPH)
|
| Bottom of the 2nd over - 2 runs, 4 hits, 0 errors, 1 left on base; Beloit 0 - West Michigan 4 |
| TOP OF THE 3RD |
|
Beloit Snappers batting - Pitching for West Michigan Whitecaps : RHP Jared Barger
|
|
Batting: RHB Don Burt
|
0-0: Ball 1-0: Ball 2-0: Called Strike 2-1: Ball 3-1: Fly out, F7 (Flyball, 78M, EV 74.4 MPH)
|
|
Batting: RHB Chris Bohm
|
0-0: Ball 1-0: Swinging Strike 1-1: Foul Ball, location: 2F 1-2: Fly out, F8 (Flyball, 78M, EV 90.6 MPH)
|
|
Batting: LHB Jeremy Brammer
|
0-0: Ball 1-0: Ball 2-0: Foul Ball, location: 2F 2-1: Ball 3-1: Foul Ball, location: 2F 3-2: Foul Ball, location: 2F 3-2: SINGLE (Groundball, 4D, EV 95.0 MPH)
|
|
Batting: LHB Felipe Gomez
|
0-0: Ball 1-0: Ball 2-0: Swinging Strike 2-1: Foul Ball, location: 2F 2-2: Ball 3-2: DOUBLE (Line Drive, 7LD, EV 105.0 MPH) Jeremy Brammer to third Jeremy Brammer scores
|
|
Batting: LHB Robert Wilkins
|
0-0: Foul Ball, location: 2F 0-1: Ball 1-1: Ball 2-1: Ground out 4-3 (Groundball, 4, EV 82.5 MPH)
|
| Top of the 3rd over - 1 run, 2 hits, 0 errors, 1 left on base; Beloit 1 - West Michigan 4 |
| BOTTOM OF THE 3RD |
|
West Michigan Whitecaps batting - Pitching for Beloit Snappers : RHP Ricky Lopez
|
|
Batting: RHB German Quiroga
|
0-0: Foul Ball, location: 2F 0-1: Ball 1-1: Ball 2-1: Fly out, F9 (Flyball, 89S, EV 93.8 MPH)
|
|
Batting: LHB Jon Pedlar
|
0-0: Swinging Strike 0-1: Ball 1-1: Called Strike 1-2: SINGLE (Groundball, 4MD, EV 101.9 MPH)
|
|
Batting: RHB Joe Zimmerman
|
0-0: Foul Ball, location: 2F 0-1: Grounds into double play, 4-6-3 (Groundball, 13, EV 84.4 MPH)
|
| Bottom of the 3rd over - 0 runs, 1 hit, 0 errors, 0 left on base; Beloit 1 - West Michigan 4 |
| TOP OF THE 4TH |
|
Beloit Snappers batting - Pitching for West Michigan Whitecaps : RHP Jared Barger
|
|
Batting: RHB Mike Gangi
|
0-0: Ball 1-0: Ball 2-0: Ball 3-0: Called Strike 3-1: Foul Ball, location: 2F 3-2: Base on Balls
|
|
Batting: RHB Tetsuya Shinoda
|
0-0: Called Strike 0-1: SINGLE (Groundball, 56D, EV 95.0 MPH) Mike Gangi to second Runner from 2nd tries for 3rd, SAFE, throw by LF made to third
|
|
Batting: RHB Emiel Schlepers
|
0-0: Called Strike 0-1: Called Strike 0-2: Ball 1-2: Ball 2-2: Foul Ball, location: 2F 2-2: Strikes out swinging
|
|
Batting: RHB Clay Statum
|
0-0: Ball 1-0: Ball 2-0: Grounds into double play, 4-6-3 (Groundball, 4, EV 80.0 MPH)
|
| Top of the 4th over - 0 runs, 1 hit, 0 errors, 1 left on base; Beloit 1 - West Michigan 4 |
| BOTTOM OF THE 4TH |
|
West Michigan Whitecaps batting - Pitching for Beloit Snappers : RHP Ricky Lopez
|
|
Batting: LHB Steve Herrera
|
0-0: Foul Ball, location: 2F 0-1: DOUBLE (Line Drive, 5D, EV 105.6 MPH)
|
|
Batting: RHB Yaremka Rzhevsky
|
0-0: Foul Ball, location: 2F 0-1: Called Strike 0-2: Ball 1-2: Ball 2-2: Fly out, F8 (Flyball, 8LM, EV 88.8 MPH)
|
|
Batting: SHB Willie Medina
|
0-0: Ball 1-0: Ground out 4-3 (Groundball, 4, EV 83.1 MPH) Steve Herrera to third
|
|
Batting: RHB Scott Carr
|
0-0: Called Strike 0-1: Called Strike 0-2: Ball 1-2: Ground out U3 (Groundball, 34, EV 85.0 MPH)
|
| Bottom of the 4th over - 0 runs, 1 hit, 0 errors, 1 left on base; Beloit 1 - West Michigan 4 |
| TOP OF THE 5TH |
|
Beloit Snappers batting - Pitching for West Michigan Whitecaps : RHP Jared Barger
|
|
Batting: RHB Don Burt
|
0-0: Ball 1-0: Foul Ball, location: 2F 1-1: Called Strike 1-2: Fly out, F8 (Flyball, 78M, EV 77.5 MPH)
|
|
Batting: RHB Chris Bohm
|
0-0: Called Strike 0-1: Foul Ball, location: 2F 0-2: Strikes out swinging
|
|
Batting: LHB Jeremy Brammer
|
0-0: Ball 1-0: Ball 2-0: Ball 3-0: Base on Balls
|
|
Batting: LHB Felipe Gomez
|
0-0: Foul Ball, location: 2F 0-1: Ball 1-1: Called Strike 1-2: Foul Ball, location: 2F 1-2: Foul Ball, location: 2F 1-2: Strikes out swinging
|
| Top of the 5th over - 0 runs, 0 hits, 0 errors, 1 left on base; Beloit 1 - West Michigan 4 |
| BOTTOM OF THE 5TH |
|
West Michigan Whitecaps batting - Pitching for Beloit Snappers : RHP Ricky Lopez
|
|
Batting: LHB Dave Carlisle
|
0-0: Ball 1-0: Ball 2-0: Foul Ball, location: 2F 2-1: Ground out 3-1 (Groundball, 34, EV 86.9 MPH)
|
|
Batting: LHB Jamie Christian
|
0-0: Ball 1-0: SINGLE (Groundball, 34D, EV 96.2 MPH)
|
|
Batting: RHB German Quiroga
|
0-0: SINGLE (Groundball, 34, EV 103.8 MPH) Jamie Christian to second
|
|
Batting: LHB Jon Pedlar
|
0-0: Ball 1-0: Ball 2-0: Ball 3-0: Called Strike 3-1: Base on Balls Jamie Christian to third German Quiroga to second
|
|
Batting: RHB Joe Zimmerman
|
0-0: Foul Ball, location: 2F 0-1: Fly out, F9 (Flyball, 89D, EV 106.9 MPH) Runner from 3rd tags up, OUT at HOME! 9-2
|
| Bottom of the 5th over - 0 runs, 2 hits, 0 errors, 2 left on base; Beloit 1 - West Michigan 4 |
| TOP OF THE 6TH |
|
Beloit Snappers batting - Pitching for West Michigan Whitecaps : RHP Jared Barger
|
|
Batting: LHB Robert Wilkins
|
0-0: Ball 1-0: Foul Ball, location: 2F 1-1: Ball 2-1: DOUBLE (Flyball, 9LD, EV 98.1 MPH)
|
|
Pitching: RHP Matt Sturge
|
|
|
Batting: RHB Mike Gangi
|
0-0: Called Strike 0-1: Swinging Strike 0-2: Foul Ball, location: 2F 0-2: Ball 1-2: SINGLE (Groundball, 56S, EV 68.1 MPH) (infield hit) Robert Wilkins to third
|
|
Batting: RHB Tetsuya Shinoda
|
0-0: Fly out, F7 (Flyball, 7D, EV 98.1 MPH) Runner from 3rd tags up, SCORES, no throw by LF
|
|
Batting: RHB Emiel Schlepers
|
Balk! Mike Gangi to second 0-0: Called Strike 0-1: Ball 1-1: Called Strike 1-2: Ball 2-2: Strikes out swinging
|
|
Batting: RHB Clay Statum
|
0-0: Foul Ball, location: 2F 0-1: Ball 1-1: Ground out U3 (Groundball, 34, EV 80.6 MPH)
|
| Top of the 6th over - 1 run, 2 hits, 0 errors, 1 left on base; Beloit 2 - West Michigan 4 |
| BOTTOM OF THE 6TH |
|
West Michigan Whitecaps batting - Pitching for Beloit Snappers : RHP Ricky Lopez
|
|
Pitching: LHP Alex Shannon
|
|
|
Batting: LHB Steve Herrera
|
0-0: Fly out, F9 (Line Drive, 9S, EV 88.1 MPH)
|
|
Batting: RHB Yaremka Rzhevsky
|
0-0: Ball 1-0: Called Strike 1-1: Called Strike 1-2: Ground out 5-3 (Groundball, 5, EV 103.1 MPH)
|
|
Batting: SHB Willie Medina
|
0-0: Swinging Strike 0-1: Ball 1-1: Fly out, F9 (Flyball, 89S, EV 90.0 MPH)
|
| Bottom of the 6th over - 0 runs, 0 hits, 0 errors, 0 left on base; Beloit 2 - West Michigan 4 |
| TOP OF THE 7TH |
|
Beloit Snappers batting - Pitching for West Michigan Whitecaps : RHP Matt Sturge
|
|
Batting: RHB Don Burt
|
0-0: Called Strike 0-1: Foul Ball, location: 2F 0-2: Foul Ball, location: 2F 0-2: Strikes out swinging
|
|
Batting: RHB Chris Bohm
|
0-0: Called Strike 0-1: Ball 1-1: Ball 2-1: Called Strike 2-2: Foul Ball, location: 2F 2-2: Ball 3-2: SINGLE (Groundball, 56D, EV 101.2 MPH)
|
|
Batting: LHB Jeremy Brammer
|
0-0: Called Strike Chris Bohm steals 2nd base 0-1: DOUBLE (Line Drive, 8RXD, EV 105.0 MPH) Chris Bohm scores
|
|
Batting: LHB Felipe Gomez
|
0-0: Ball 1-0: Foul Ball, location: 2F 1-1: Ball 2-1: Ground out U3 (Groundball, 3, EV 85.0 MPH) Jeremy Brammer to third
|
|
Batting: LHB Robert Wilkins
|
0-0: Ground out 6-3 (Groundball, 6MS, EV 87.5 MPH)
|
| Top of the 7th over - 1 run, 2 hits, 0 errors, 1 left on base; Beloit 3 - West Michigan 4 |
| BOTTOM OF THE 7TH |
|
West Michigan Whitecaps batting - Pitching for Beloit Snappers : LHP Alex Shannon
|
|
Batting: RHB Scott Carr
|
0-0: Called Strike 0-1: Ball 1-1: Ground out 5-3 (Groundball, 56, EV 81.9 MPH)
|
|
Batting: LHB Dave Carlisle
|
0-0: Ball 1-0: SOLO HOME RUN (Flyball, 78XD, EV 103.1 MPH), Distance : 419 ft
|
|
Batting: LHB Jamie Christian
|
0-0: Ball 1-0: Ball 2-0: Ground out 4-3 (Groundball, 4M, EV 80.6 MPH)
|
|
Batting: RHB German Quiroga
|
0-0: Called Strike 0-1: Called Strike 0-2: Foul Ball, location: 2F 0-2: Ball 1-2: Foul Ball, location: 2F 1-2: Ball 2-2: Strikes out swinging
|
| Bottom of the 7th over - 1 run, 1 hit, 0 errors, 0 left on base; Beloit 3 - West Michigan 5 |
| TOP OF THE 8TH |
|
Beloit Snappers batting - Pitching for West Michigan Whitecaps : RHP Matt Sturge
|
|
Pitching: RHP Jorge Castaneda
|
|
|
Batting: RHB Mike Gangi
|
0-0: Called Strike 0-1: Swinging Strike 0-2: Ball 1-2: Strikes out swinging
|
|
Batting: LHB Chance Stever
|
0-0: Ball 1-0: Called Strike 1-1: Ball 2-1: Foul Ball, location: 2F 2-2: Ground out 6-3 (Groundball, 6, EV 103.8 MPH)
|
|
Batting: RHB Emiel Schlepers
|
0-0: Ball 1-0: Fly out, F4 (Popup, 4MD, EV 50.6 MPH)
|
| Top of the 8th over - 0 runs, 0 hits, 0 errors, 0 left on base; Beloit 3 - West Michigan 5 |
| BOTTOM OF THE 8TH |
|
West Michigan Whitecaps batting - Pitching for Beloit Snappers : LHP Alex Shannon
|
|
Batting: LHB Jon Pedlar
|
0-0: Ball 1-0: Ball 2-0: Ball 3-0: Called Strike 3-1: Foul Ball, location: 2F 3-2: Strikes out swinging
|
|
Batting: RHB Joe Zimmerman
|
0-0: Ball 1-0: Ball 2-0: SINGLE (Groundball, 6MD, EV 100.6 MPH)
|
|
Batting: LHB Steve Herrera
|
0-0: Ball 1-0: Called Strike 1-1: Ball Wild Pitch! Joe Zimmerman to second 2-1: Ground out 4-3 (Groundball, 4, EV 100.6 MPH) Joe Zimmerman to third
|
|
Batting: RHB Yaremka Rzhevsky
|
0-0: Called Strike 0-1: Foul Ball, location: 2F 0-2: Ground out 4-3 (Groundball, 4S, EV 73.8 MPH)
|
| Bottom of the 8th over - 0 runs, 1 hit, 0 errors, 1 left on base; Beloit 3 - West Michigan 5 |
| TOP OF THE 9TH |
|
Beloit Snappers batting - Pitching for West Michigan Whitecaps : RHP Jorge Castaneda
|
|
Pitching: RHP Tony Kepp
|
|
|
Batting: RHB Clay Statum
|
0-0: Called Strike 0-1: Ball 1-1: Ball 2-1: Swinging Strike 2-2: Foul Ball, location: 2F 2-2: SINGLE (Groundball, 4MD, EV 104.4 MPH)
|
|
Batting: RHB Don Burt
|
0-0: SINGLE (Line Drive, 9S, EV 98.8 MPH) Clay Statum to second
|
|
Batting: RHB Chris Bohm
|
0-0: Sac Bunt to 2L - play at first, batter OUT! 2-3 Clay Statum to third Don Burt to second
|
|
Batting: LHB Jeremy Brammer
|
0-0: Ball 1-0: Called Strike 1-1: Ball 2-1: Foul Ball, location: 2F 2-2: Strikes out swinging
|
|
Batting: LHB Felipe Gomez
|
0-0: Ball 1-0: Ball 2-0: Called Strike 2-1: Foul Ball, location: 2F 2-2: Strikes out looking
|
| Top of the 9th over - 0 runs, 2 hits, 0 errors, 2 left on base; Beloit 3 - West Michigan 5 |
|